AoeStats
← Lord Laggington

African Clearing

513437429Analyzed
2v2 RM · 2d ago on Oct 13, 2026· 34m 6s· 4 players
Game mode
Random Map
Map size
Medium (4 player)
Population
200
Speed
Normal
Resources
Standard
Victory
Conquest
Starting age
Dark Age
Ending age
Imperial Age
RankedLock teamsTeams togetherTeam positionsShared explorationLock speedFull tech treeHidden civsTurbo modeCheats
Victory
Defeat
🇩🇪 Armenians · Germany
1023
+14
🇩🇪 Spanish · Germany
1012
+14
vs
🇳🇴 Chinese · Norway
1000
-15
🇺🇸 Cumans · United States
944
-13
TheEskimoBrother
3:12 Loom
12:26 Feudal Age
17:53 Castle Age
16:13 Double-Bit Axe
16:12 Horse Collar
16:56 Gold Mining
21:05 Bow Saw
22:21 Wheelbarrow
22:50 Town Watch
23:23 Hand Cart
25:10 Crossbowman
27:15 Fletching
28:44 Ballistics
28:21 Bodkin Arrow
29:10 Town Watch
snacks165x
15:21 Feudal Age
16:36 Horse Collar
16:20 Man-at-Arms
17:11 Double-Bit Axe
19:46 Loom
19:48 Town Watch
novusb4
11:36 Loom
13:22 Feudal Age
18:13 Castle Age
16:17 Double-Bit Axe
22:07 Horse Collar
25:09 Fletching
26:52 Stone Mining
27:53 Wheelbarrow
Lord Laggington
4:11 Loom
16:16 Feudal Age
16:29 Man-at-Arms
16:57 Arson
17:17 Horse Collar
17:23 Double-Bit Axe
18:22 Scale Mail Armor
18:32 Forging
18:05 Long Swordsman
26:12 Castle Age
25:20 Wheelbarrow
24:31 Town Watch
25:40 Gold Mining
25:43 Stone Mining
26:52 Two-Handed Swordsman
27:18 Gambesons
27:34 Squires
29:50 Hand Cart
29:46 Town Patrol
30:39 Bow Saw
33:40 Fletching
34:06 Chain Mail Armor
33:58 Heavy Plow
Connection lost

Rejoining the realm…

Still unreachable

The connection could not be restored.

Session expired

The server has moved on; the page needs a fresh start.